 Dungeon Sprint DCSS version 0.32-a0-422-g28b100f618 (webtiles) character file.

Game seed: 18041321504029242674

425 adelrune the Basher (level 6, -6/99 HPs)
             Began as a Minotaur Berserker on Feb 21, 2024.
             Was an Elder of Trog.
             Mangled by a hornet (7 damage)
             ... in the Dungeon (Sprint IX: "|||||||||||||||||||||||||||||").
             The game lasted 00:01:16 (162 turns).

adelrune the Basher (Minotaur Berserker)             Turns: 162, Time: 00:01:17

Health: -6/99      AC: 10    Str: 30    XL:     6   Next: 64%
Magic:  5/5        EV: 10    Int:  4    God:    Trog [****..]
Gold:   0          SH:  0    Dex:  9    Spells: 5/5 levels left

rFire   . . .        k - +2 morningstar (heavy)
rCold   . . .        (no shield)
rNeg    . . .        n - +1 chain mail
rPois   .            (helmet restricted)
rElec   .            (no cloak)
rCorr   .            (no gloves)
SInv    .            (no boots)
Will    ++...        (no amulet) Stlth
                     l - +3 ring of strength
HPRegen 1.36/turn    m - +3 ring of strength
MPRegen 0.09/turn

%: no teleportation
@: berserking (expiring), lethally poisoned (-6 -> -18), strong-willed,
regenerating, slowed
A: horns 2, retaliatory headbutt
a: Renounce Religion, Berserk, Trog's Hand, Brothers in Arms


You were in the Dungeon.
You worshipped Trog.
Trog was greatly pleased with you.
You visited 1 branch

Inventory:

Hand Weapons
 a - a +0 mace
 k - a +2 heavy morningstar (weapon)
Armour
 b - a +0 animal skin
 n - a +1 chain mail (worn)
Jewellery
 l - a +3 ring of strength (left hand)
 m - a +3 ring of strength (right hand)
Wands
 j - a wand of iceblast (10)
Scrolls
 h - 2 scrolls of blinking
Potions
 c - 5 potions of curing
 d - 3 potions of heal wounds
 e - a potion of haste
 f - 4 potions of magic
 g - a potion of berserk rage
 i - a potion of invisibility


   Skills:
 + Level 9.7 Fighting
 * Level 13.1 Maces & Flails
 + Level 5.2 Armour
 + Level 5.3 Dodging


You had 5 spell levels left.
You didn't know any spells.
Your spell library was empty.

Dungeon Overview and Level Annotations

Branches:
Dungeon (1/1)

Altars:
Cheibriados
Dithmenos
Elyvilon
Fedhas
Gozag
Hepliaklqana
Kikubaaqudgha
Makhleb
Nemelex Xobeh
Okawaru
Qazlal
Ru
Sif Muna
Trog
Uskayaw
Vehumet
Wu Jian
Xom
Yredelemnul
Zin
The Shining One
Beogh
Jiyva
Lugonu


Innate Abilities, Weirdness & Mutations

You have a pair of horns on your head.
You reflexively headbutt those who attack you in melee.


Message History

You are more poisoned.
You feel as though you will be slow longer.
The orc warrior hits you from afar with a +0 trident.
The hornet closely misses you.
You stick the hornet like a pincushion!!!
You kill the hornet!
Trog accepts your kill.
You feel very sick.
The orc warrior hits you from afar with a +0 trident!
The orc warrior hits you from afar with a +0 trident.
Your Fighting skill gained 2 levels and is now at level 9!
Your Maces & Flails skill gained 2 levels and is now at level 12!
Your Dodging skill increases to level 5!
You have reached level 6!
You feel very sick.
The orc warrior hits you with a +0 trident.
* * * LOW HITPOINT WARNING * * *
There is an open door to the Dungeon here.
You hammer the orc warrior like a gong!!!
You kill the orc warrior!
Trog accepts your kill.
You can now call in reinforcements.
You feel sick. The hornet stings you!
* * * LOW HITPOINT WARNING * * *
You feel as though you will be slow longer.
Your Maces & Flails skill increases to level 13!
Your Armour skill increases to level 5!
You closely miss the hornet. Your headbutt misses the hornet.
You feel sick. The hornet stings you.
* * * LOW HITPOINT WARNING * * *
You are more poisoned.
You feel as though you will be slow longer.
You closely miss the hornet. You headbutt the hornet.
The hornet is lightly wounded.
You feel very sick. The hornet stings you!
* * * LOW HITPOINT WARNING * * *
You are more poisoned.
You feel as though you will be slow longer.
The hornet stings you!
You die... ▓▓▓▓▓▓▓▓▓▓▓▓▓▓▓▓▓▓▓▓▓▓▓▓ ______'.?).[[...@ycyo..+ ▓▓▓▓▓▓▓▓▓▓▓▓▓▓▓▓▓▓▓▓▓▓▓▓

You could see a hornet, a centaur, a killer bee and an orc wizard.

Vanquished Creatures
  A hornet (D)
  An orc warrior (D)
  A phantom (D)
  A jelly (D)
  An iguana (D)
  2 adders (D)
  A ball python (D)
  3 goblins (D)
  A rat (D)
12 creatures vanquished.

Notes
Turn   | Place    | Note
-------+----------+-------------------------------------------
     0 | D        | adelrune the Minotaur Berserker began the quest for the
                  | Orb.
     0 | D        | Reached XP level 1. HP: 19/19 MP: 0/0
     7 | D        | Reached skill level 4 in Maces & Flails
    11 | D        | Reached ** piety under Trog
    14 | D        | Reached skill level 5 in Maces & Flails
    19 | D        | Noticed a phantom
    19 | D        | Noticed an iguana
    19 | D        | Noticed a jelly
    27 | D        | Killed a phantom
    28 | D        | Reached skill level 8 in Maces & Flails
    28 | D        | Reached XP level 2. HP: 31/31 MP: 1/1
    28 | D        | Reached XP level 3. HP: 38/38 MP: 2/2
    28 | D        | Reached XP level 4. HP: 45/45 MP: 3/3
    30 | D        | Reached *** piety under Trog
    31 | D        | Reached skill level 9 in Maces & Flails
    34 | D        | Reached XP level 5. HP: 47/52 MP: 4/4
    35 | D        | Reached skill level 10 in Maces & Flails
    90 | D        | Found a roughly hewn altar of Beogh.
    90 | D        | Found a snail-covered altar of Cheibriados.
    90 | D        | Found a shadowy altar of Dithmenos.
    90 | D        | Found a white marble altar of Elyvilon.
    90 | D        | Found a blossoming altar of Fedhas.
    90 | D        | Found an opulent altar of Gozag.
    91 | D        | Found a hazy altar of Hepliaklqana.
    92 | D        | Found a viscous altar of Jiyva.
    93 | D        | Found an ancient bone altar of Kikubaaqudgha.
    94 | D        | Found a corrupted altar of Lugonu.
    95 | D        | Found a burning altar of Makhleb.
    96 | D        | Found a sparkling altar of Nemelex Xobeh.
    97 | D        | Found an iron altar of Okawaru.
    98 | D        | Found a stormy altar of Qazlal.
    99 | D        | Found a sacrificial altar of Ru.
   100 | D        | Found a shimmering blue altar of Sif Muna.
   101 | D        | Found a bloodstained altar of Trog.
   102 | D        | Found a hide-covered altar of Uskayaw.
   103 | D        | Found a radiant altar of Vehumet.
   104 | D        | Found an ornate altar of the Wu Jian Council.
   105 | D        | Found a shimmering altar of Xom.
   106 | D        | Found a basalt altar of Yredelemnul.
   107 | D        | Found a glowing silver altar of Zin.
   108 | D        | Found a glowing golden altar of the Shining One.
   155 | D        | Noticed a hornet
   155 | D        | Noticed an orc warrior
   155 | D        | Noticed a hornet
   155 | D        | Noticed a centaur
   158 | D        | Killed a hornet
   159 | D        | Reached skill level 12 in Maces & Flails
   159 | D        | Reached skill level 5 in Dodging
   159 | D        | Reached XP level 6. HP: 34/63 MP: 5/5
   160 | D        | Killed an orc warrior
   160 | D        | Reached **** piety under Trog
   161 | D        | Reached skill level 13 in Maces & Flails
   161 | D        | Reached skill level 5 in Armour
   162 | D        | HP: 1/99 [hornet (11)]
   162 | D        | Mangled by a hornet

Illustrated notes

Levels and vault maps discovered:
D:        linesprint [early_d, line_temple, items_1, d_10, items_2, lair_1,
          lair_end, items_3, orc_1, orc_end, items_4, d_15, swamp_1, shoals_1,
          snake_1, spider_1, d_20, vaults_1, items_5, swamp_end, shoals_end,
          snake_end, spider_end, vaults_end, d_27, items_6, zot_1, zot_end,
          crypt_end, forest_end, elf_end, slime_end, tomb_end, abyss_end,
          pan_hell_end]

Skill      XL: |  1  2  3  4  5  6 |
---------------+-------------------+-----
Maces & Flails | 8 9 12 13 | 13.1
Fighting       | 6 7 9 |  9.7
Armour         | 3 4 5 |  5.2
Dodging        | 3 4 5 |  5.3

Action                     |  1- 3 |  4- 6 || total
---------------------------+-------+-------++-------
  Melee: Mace              |    15 |     6 ||    21
         Headbutt          |     3 |     1 ||     4
         Morningstar       |       |     4 ||     4
 Invoke: Berserk           |     1 |     1 ||     2
         Trog's Hand       |     1 |     1 ||     2
 Armour: Animal skin       |     6 |     1 ||     7
         Chain mail        |       |    12 ||    12
  Dodge: Dodged            |     6 |     4 ||    10

Table legend: (Time is in decaauts)
 A = Elapsed time spent in this place.
 B = Non-inter-level travel time spent in this place.
 C = Inter-level travel time spent in this place.
 D = Time resting spent in this place.
 E = Time spent auto-exploring this place.
 F = Levels seen in this place.
 G = Mean time per level.
                   A        B        C        D        E       F      G
               +--------+--------+--------+--------+--------+-----+--------+
         Total |    174 |    174 |      0 |     63 |      0 |   1 |  174.0 |
       Dungeon |    174 |    174 |      0 |     63 |      0 |   1 |  174.0 |
               +--------+--------+--------+--------+--------+-----+--------+

Top non-repeatable levels by time:
       D: 174 daAuts
